 Dungeon Crawl Stone Soup version 0.31-b1-12-gca42e3d1b8 (webtiles) character file.

Game seed: 9059324678396206023

4610 hawla the Slasher (level 10, -1/80 HPs)
             Began as a Red Draconian Conjurer on Jan 14, 2024.
             Was a Believer of Vehumet.
             Slain by a skeletal warrior
             ... wielding a +0 scimitar
              (28 damage)
             ... on level 7 of the Dungeon.
             The game lasted 00:26:20 (7739 turns).

hawla the Slasher (Red Draconian Conjurer)          Turns: 7739, Time: 00:26:20

Health: -1/80      AC: 11    Str:  8    XL:     10   Next: 19%
Magic:  3/14       EV: 15    Int: 22    God:    Vehumet [**....]
Gold:   427        SH:  0    Dex: 20    Spells: 10/17 levels left

rFire   + + .        l - staff of fire
rCold   . . .        (no shield)
rNeg    . . .        (body armour unavailable)
rPois   .            (helmet restricted)
rElec   .            j - +2 cloak
rCorr   +            (no gloves)
SInv    .            m - +0 pair of boots
Will    +....        k - amulet of regeneration
Stlth   +++          u - +6 ring of dexterity
HPRegen 1.13/turn    g - ring of resist corrosion
MPRegen 0.14/turn

%: clarity
@: attractive, enlightened, flying
A: breathe fire, AC +7, unfitting armour, fire resistance 1, cold-blooded, agile
1, clarity, low MP 1
a: Breathe Fire, Renounce Religion


You were on level 7 of the Dungeon.
You worshipped Vehumet.
Vehumet was pleased with you.
You visited 2 branches of the dungeon, and saw 8 of its levels.

You collected 427 gold pieces.

Inventory:

Hand Weapons
 e - the +0 long sword of Yredelemnul {freeze, rN+ Dex+6}
   (You found it on level 4 of the Dungeon)

   Dex+6:     It affects your dexterity (+6).
   rN+:       It protects you from negative energy.
 f - a +5 quarterstaff of speed
Armour
 j - a +2 cloak (worn)
 m - a +0 pair of boots (worn)
Magical Staves
 l - a staff of fire (weapon)
Jewellery
 a - an amulet of faith
 d - a ring of positive energy
 g - a ring of resist corrosion (right hand)
 k - an amulet of regeneration (around neck)
 u - a +6 ring of dexterity (left hand)
 x - a +6 ring of dexterity
 y - the ring of Ziod {Will+ Str+6}
   (You found it on level 7 of the Dungeon)

   [ring of strength]

   Str+6:     It affects your strength (+6).
   Will+:     It increases your willpower.
Wands
 b - a wand of flame (29) (quivered)
 r - a wand of acid (18)
 w - a wand of iceblast (18)
Scrolls
 n - 4 scrolls of identify
Potions
 c - 3 potions of curing
 p - 4 potions of might
 s - a potion of haste
Miscellaneous
 h - a tin of tremorstones (2/2)
 z - a phial of floods
 A - a phantom mirror


   Skills:
 + Level 4.5 Fighting
 + Level 7.9 Long Blades
 + Level 5.6 Staves
 + Level 4.9 Dodging
 + Level 4.1 Stealth
 + Level 4.1 Spellcasting
 + Level 6.0 Conjurations
 + Level 3.0 Translocations
 + Level 3.0 Fire Magic
 + Level 3.0 Evocations


You had 10 spell levels left.
You knew the following spells:

 Your Spells              Type           Power      Damage    Failure   Level
a - Magic Dart            Conj           100%       1d8       1%          1
b - Searing Ray           Conj           62%        2d6       1%          2
c - Iskenderun's Mystic   Conj/Tloc      24%        2d7       17%         4

Your spell library contained the following spells:

 Spells                   Type           Power      Damage    Failure   Level
 Mercury Vapours          Alch/Air       8%         N/A       17%         2
 Apportation              Tloc           34%        N/A       3%          1
 Dazzling Flash           Conj/Hex       34%        N/A       10%         3
 Mephitic Cloud           Conj/Alch/Air  13%        N/A       14%         3
 Jinxbite                 Hex            8%         N/A       17%         2
 Fulminant Prism          Conj/Alch      8%         3d6       32%         4
 Alistair's Intoxication  Alch           2%         N/A       97%         5
 Curse of Agony           Necr           4%         N/A       97%         5
 Silence                  Hex/Air        2%         N/A       97%         5


Dungeon Overview and Level Annotations

Branches:
Dungeon (7/15)             Temple (1/1) D:5

Altars:
Ashenzari
Cheibriados
Dithmenos
Elyvilon
Fedhas
Gozag
Kikubaaqudgha
Makhleb
Nemelex Xobeh
Okawaru
Qazlal
Ru
Sif Muna
Trog
Uskayaw
Vehumet
Wu Jian
Xom
Yredelemnul
Zin
The Shining One

Shops:
D:5 [

Annotations:
D:7 1 runed translucent door, middlethird's ghost, novice VSSh


Innate Abilities, Weirdness & Mutations

You can breathe blasts of fire.
Your fiery red scales are hard. (AC +7)
You cannot fit into any form of body armour.
Your flesh is heat resistant. (rF+)
You are cold-blooded and may be slowed by cold attacks.
You are agile. (Dex +4, Str/Int -1)
You possess an exceptional clarity of mind.
Your magical capacity is low. (-10% MP)


Message History

Restarting spell: Searing Ray (safe; 1% risk of failure)
Press: ? - help, Shift-Dir - straight line, f - skeletal warrior
Aim: a skeletal warrior, wielding a +0 scimitar, wearing a +2 plate armour of positive energy and wearing the ring of Generosity {Fire Will+ rCorr Dex-4 SInv} (87% to hit)
The searing ray hits the skeletal warrior but does no damage. (Press . to maintain the ray.) Char dumped successfully.
The searing ray hits the skeletal warrior but does no damage.
The skeletal warrior misses you.
The searing ray hits the skeletal warrior but does no damage.
The skeletal warrior hits you with a +0 scimitar!!
The searing ray hits the skeletal warrior but does no damage.
You finish channelling your searing ray.
The skeletal warrior hits you with a +0 scimitar!
There's nothing to close nearby.
Unknown command.
Okay, then.
What are your orders? t - Shout!
Orders for allies: a - Attack new target. p - Attack previous target. r - Retreat! s - Stop attacking. g - Guard the area. f - Follow me.
Anything else - Cancel.
Retreat in which direction?
Press: ? - help, Dir - move target, f - you, p - skeletal warrior
Okay, then.
It was a potion of attraction.
You feel attractive to monsters.
The skeletal warrior closely misses you.
Okay, then.
It was a potion of enlightenment.
You feel very buoyant.
You fly up into the air.
The skeletal warrior hits you with a +0 scimitar!
The skeletal warrior closely misses you.
The skeletal warrior attacks as it pursues you!
The skeletal warrior hits you with a +0 scimitar!
You see here a +0 glaive.
The skeletal warrior attacks as it pursues you!
The skeletal warrior hits you with a +0 scimitar!!
You die...

##....#..###.....#..........##...
..........##.#.......###...##....
...........#.###^...## #..##...##
#.#..##....#.###...## ##..#..###.
###..###.....##..(.# #...#.##..)
.#....#..#......<..####.........#
.>....#.......####........###....
......#.......###..###..#.#.###..
#..............#@..# ####.##..###
##.............z...### #..##....
#.....#.####......#.# ##..##...
#.(######..##.......## #...###.
###* #...#........####.......
##..............#(......
#............#..........
##.....#...#####....##..
###..###...# #.........


You could see a skeletal warrior.

Vanquished Creatures
  A manticore (D:7)
  A kobold demonologist (D:7)
  Sigmund (D:2)
  2 wyverns (D:7)
  A steam dragon (D:7)
  Menkaure (D:7)
  A water moccasin (D:7)
  An acid dragon (D:7)
  A swamp drake (D:7)
  2 ice beasts (D:7)
  An orc warrior (D:7)
  A sky beast (D:7)
  3 ogres
  A black bear (D:7)
  A centaur (D:7)
  3 bullfrogs
  4 scorpions
  4 killer bees (D:7)
  2 howler monkeys (D:7)
  3 quasits (D:5)
  Crazy Yiuf (D:2)
  3 jellies
  5 hounds
  3 orc priests
  A gnoll bouda (D:7)
  Natasha (thrice) (D:3)
  Ijyb (D:5)
  3 iguanas
  3 sleepcaps (D:7)
  3 orc wizards
  Terence (D:3)
  12 adders
  14 gnolls
  2 white imps (D:6)
  An ufetubus (D:7)
  A dart slug (D:1)
  2 ribbon worms (D:2)
  21 orcs
  7 bats
  5 endoplasms
  A giant cockroach (D:2)
  6 goblins
  9 hobgoblins
  12 jackals
  7 quokkas
  5 ball pythons
  5 frilled lizards
  7 kobolds
  7 rats
186 creatures vanquished.

Vanquished Creatures (collateral kills)
  The ghost of Driedwater the Slasher, a novice MiCK of Xom (D:5)
1 creature vanquished.

Grand Total: 187 creatures vanquished

Notes
Turn   | Place    | Note
-------+----------+-------------------------------------------
     0 | D:1      | hawla the Draconian Conjurer began the quest for the Orb.
     0 | D:1      | Reached XP level 1. HP: 14/14 MP: 3/3
   143 | D:1      | Reached XP level 2. HP: 17/22 MP: 0/5
   227 | D:1      | Reached skill level 1 in Fighting
   546 | D:1      | Reached XP level 3. HP: 28/28 MP: 1/6
   549 | D:1      | Learned a level 2 spell: Searing Ray
  1330 | D:2      | Reached XP level 4. HP: 35/35 MP: 4/7
  1335 | D:2      | Learned a level 4 spell: Iskenderun's Mystic Blast
  1446 | D:2      | Noticed Sigmund
  1462 | D:2      | Killed Sigmund
  1463 | D:2      | Reached skill level 5 in Conjurations
  1463 | D:2      | Reached XP level 5. HP: 28/41 MP: 4/9
  1624 | D:2      | Found a runed translucent door.
  1625 | D:2      | Noticed Crazy Yiuf
  1632 | D:2      | Killed Crazy Yiuf
  1836 | D:2      | Reached XP level 6. HP: 41/48 MP: 5/10
  2250 | D:3      | Gained mutation: Your magical capacity is low. (-10% MP)
                  | [potion of mutation]
  2250 | D:3      | Gained mutation: You possess an exceptional clarity of
                  | mind. [potion of mutation]
  2250 | D:3      | Gained mutation: You are agile. (Dex +4, Str/Int -1)
                  | [potion of mutation]
  2265 | D:3      | Noticed Terence
  2282 | D:3      | Killed Terence
  2420 | D:3      | Noticed Natasha
  2421 | D:3      | Killed Natasha
  2464 | D:3      | Noticed Natasha
  2475 | D:3      | Killed Natasha
  2476 | D:3      | Reached skill level 1 in Staves
  2504 | D:3      | Noticed Natasha
  2508 | D:3      | Killed Natasha
  2509 | D:3      | Your scales start taking on a fiery red colour.
  2509 | D:3      | Reached XP level 7. HP: 53/55 MP: 1/11
  2509 | D:3      | Gained mutation: Your flesh is heat resistant. (rF+) [Red
                  | Draconian growth]
  2917 | D:4      | Identified the +0 long sword of Yredelemnul {freeze, rN+
                  | Dex+6}
  2956 | D:4      | Reached skill level 1 in Long Blades
  3300 | D:4      | Reached skill level 2 in Long Blades
  3473 | D:4      | Reached skill level 3 in Long Blades
  3895 | D:5      | Entered Level 5 of the Dungeon
  3950 | D:5      | Reached skill level 4 in Long Blades
  4040 | D:5      | Found a staircase to the Ecumenical Temple.
  4041 | D:5      | Noticed Ijyb
  4057 | D:5      | Killed Ijyb
  4061 | Temple   | Entered the Ecumenical Temple
  4225 | Temple   | Became a worshipper of Vehumet
  4300 | D:5      | Found a transporter.
  4303 | D:5      | Noticed Driedwater's ghost (novice MiCK)
  4314 | D:5      | Found a transporter.
  4337 | D:5      | Reached skill level 5 in Long Blades
  4337 | D:5      | Reached XP level 8. HP: 49/61 MP: 0/11
  4458 | D:5      | Found a burning altar of Makhleb.
  4548 | D:5      | Found Erlang Shen's Dragon-Slaying Spoils.
  4563 | D:5      | Reached skill level 6 in Long Blades
  4893 | D:5      | Killed Driedwater's ghost
  4894 | D:5      | Reached skill level 7 in Long Blades
  6153 | D:7      | Reached XP level 9. HP: 68/68 MP: 3/13
  6153 | D:7      | Reached * piety under Vehumet
  6153 | D:7      | Offered knowledge of Sandblast by Vehumet.
  6480 | D:7      | Reached skill level 1 in Evocations
  6500 | D:7      | Noticed Menkaure
  6517 | D:7      | Killed Menkaure
  6633 | D:7      | Found a runed translucent door.
  6637 | D:7      | Noticed middlethird's ghost (novice VSSh)
  6714 | D:7      | Reached ** piety under Vehumet
  6714 | D:7      | Offered knowledge of Mercury Vapours by Vehumet.
  7027 | D:7      | Reached skill level 5 in Staves
  7271 | D:7      | Identified the +4 ring mail of Voqiaca {rN+ Regen+ SInv}
  7272 | D:7      | Identified the ring of Ziod {Will+ Str+6}
  7277 | D:7      | Noticed a kobold demonologist
  7278 | D:7      | Noticed a hellwing
  7286 | D:7      | Identified the ring of Generosity {Fire Will+ rCorr Dex-4
                  | SInv}
  7286 | D:7      | Noticed a skeletal warrior
  7286 | D:7      | Noticed a manticore
  7286 | D:7      | Noticed a komodo dragon
  7301 | D:7      | Killed a kobold demonologist
  7302 | D:7      | Reached XP level 10. HP: 27/80 MP: 1/14
  7552 | D:7      | Killed a manticore
  7739 | D:7      | Slain by a skeletal warrior

Illustrated notes

Levels and vault maps discovered:
D:1:      psy_arrival_statuary, layout_rooms, kennysheep_decorative_pillar,
          st_stairs_11
D:2:      layout_basic, uniq_sigmund, uniq_crazy_yiuf_cottage
D:3:      layout_rooms, hangedman_abyss_or_decor_stabs, uniq_terence,
          uniq_natasha
D:4:      layout_basic
D:5:      layout_basic, general_overflow_altar,
          minmay_temple_entry_statues_pillars, gammafunk_ghost_stat_death,
          nicolae_shop_dragon_depot, uniq_ijyb
D:6:      layout_layer_cave, dreamdust_mushroom_princess
D:7:      minmay_the_grid_octo_2x2 [minmay_the_grid_octo_odd_swirl,
          minmay_the_grid_octo_chip, minmay_the_grid_octo_fan_narrow,
          minmay_the_grid_octo_prize_single_spiral], layout_cave_pools,
          ebering_ghost_reflecting_pool, uniq_menkaure
Temple:   nicolae_temple_slightly_damp_pantheon

Skill      XL: |  1  2  3  4  5  6  7  8  9 10 |
---------------+-------------------------------+-----
Fighting       | 1 2 4 |  4.5
Dodging        | 2 3 4 |  4.9
Translocations | 2 3 |  3.0
Stealth        | 2 4 |  4.1
Conjurations   | 5 6 |  6.0
Spellcasting   | 3 4 |  4.1
Staves         | 1 2 5 |  5.6
Long Blades    | 5 7 |  7.9
Evocations     | 3 |  3.0
Fire Magic     | 3 |  3.0

Action                     |  1- 3 |  4- 6 |  7- 9 | 10-12 || total
---------------------------+-------+-------+-------+-------++-------
  Melee: Unarmed           |    95 |       |       |       ||    95
         Tailslap          |    15 |     2 |    28 |     1 ||    46
         Punch             |     1 |       |     1 |       ||     2
         Quarterstaff      |       |    45 |   156 |     3 ||   204
         Long sword        |       |       |   119 |       ||   119
         Staff             |       |       |       |     1 ||     1
   Cast: Magic Dart        |    53 |    33 |    15 |     5 ||   106
         Searing Ray       |     6 |     8 |    21 |     6 ||    41
         Iskenderun's Myst |       |     4 |    13 |     1 ||    18
Ability: Breathe Fire      |       |       |     1 |     3 ||     4
  Evoke: Wand              |       |       |     3 |     1 ||     4
    Use: Scroll            |     2 |     5 |    11 |       ||    18
         Potion            |     1 |     5 |     1 |     3 ||    10
   Stab: Sleeping          |       |       |    14 |       ||    14
         Confused          |       |       |     3 |       ||     3
 Armour: Skin              |    82 |    45 |   312 |    21 ||   460
  Dodge: Dodged            |   112 |    40 |   331 |    14 ||   497
